 Dungeon Crawl Stone Soup version 0.16.1-4-g8e1b745 (console) character file.

104 gw the Charlatan (level 4, -1/26 HPs)
             Began as a Deep Elf Artificer on Mar 27, 2015.
             Was an Initiate of Qazlal.
             Slain by a hobgoblin (4 damage)
             ... on level 3 of the Dungeon.
             The game lasted 00:02:54 (3149 turns).

gw the Charlatan (Deep Elf Artificer)               Turns: 3149, Time: 00:02:54

Health: -1/26      AC:  6    Str:  8    XL:     4   Next: 52%
Magic:  9/9        EV:  8    Int: 17    God:    Qazlal [......]
Gold:   124        SH:  0    Dex: 18    Spells: 0 memorised, 3 levels left

rFire  + . .     SeeInvis .     a - +1 short sword
rCold  . . .     Clarity  .     l - +0 scale mail
rNeg   . . .     SustAb   .     (no shield)
rPois  .         Gourm    .     (no helmet)
rElec  .         Spirit   .     (no cloak)
rCorr  .         Warding  .     (no gloves)
rMut   .         Stasis   .     (no boots)
MR     .....                    (no amulet)
Stlth  +.........               (no ring)
                                g - ring of protection from fire

@: not resistant to hostile enchantments, very unstealthy
A: agile 1, low mp 1, wild magic 1
a: Renounce Religion


You were on level 3 of the Dungeon.
You worshipped Qazlal.
Qazlal was noncommittal.
You were hungry.

You visited 1 branch of the dungeon, and saw 3 of its levels.

You collected 124 gold pieces.

Inventory:

Hand weapons
 a - a +1 short sword (weapon)
Missiles
 p - 23 arrows
Armour
 l - a +0 scale mail (worn)
Jewellery
 g - a ring of protection from fire (left hand)
Magical devices
 b - a wand of flame (10)
 c - a wand of enslavement (15)
 d - a wand of random effects (14)
Scrolls
 e - a scroll of recharging
 h - a scroll of magic mapping {unknown}
 j - a scroll of identify
 q - a scroll of remove curse
Comestibles
 f - a bread ration
 n - 4 fruits
 o - 2 meat rations


   Skills:
 + Level 2.2 Fighting
 - Level 1.0 Short Blades
 + Level 2.2 Armour
 - Level 2.4 Dodging
 - Level 1.2 Stealth
 * Level 1.3 Invocations
 - Level 3.2 Evocations


You had 3 spell levels left.
You didn't know any spells.

Dungeon Overview and Level Annotations

Branches:
Dungeon (3/15)

Altars:
Qazlal

Annotations:
D:3 Grinder


Innate Abilities, Weirdness & Mutations

You are agile. (Dex +2)
Your magical capacity is low (-10% MP).
Your spells are a little harder to cast, but a little more powerful.


Message History

Unknown command.
Attempting RANGED ATTACK TO (-2,-2); ATTACKING (-1,-1)
You swing at nothing.
Unknown command.
Unknown command.
Unknown command.
Unknown command.
ATTACKING (-1,-1)
You hit the hobgoblin.
The hobgoblin is almost dead.
The hobgoblin hits you but does no damage.
Unknown command.
Unknown command.
Unknown command.
Unknown command.
ATTACKING (-1,-1)
You barely miss the hobgoblin.
The hobgoblin is almost dead.
The hobgoblin hits you.
You die...

#.# ###.#...
#.# ....(..
#.# ###
#.###... #.#
.. . .....#
#.# .# ######
##.####.###.#
##
.............#
#. #g##!.# ..
#.e...# #.
####..[...$..
## #...###.# #
#...# #...#
#.... #...#.
#...#. #..


You could see a hobgoblin.

Table legend:
 A = Turns spent in this place as a percentage of turns spent in the entire game.
 B = Non-inter-level travel turns spent in this place as a percentage of non-inter-level travel turns spent in the entire game.
 C = Inter-level travel turns spent in this place as a percentage of turns spent in this place.
 D = Turns resting spent in this place as a percentage of non-inter-level travel turns spent in this place.
 E = Turns spent auto-exploring this place as a percentage of non-inter-level travel turns spent in this place.
 F = Non-inter-level travel turns spent in this place divided by the number of levels of this place that you've seen.
                   A       B       C       D       E      F
               +-------+-------+-------+-------+-------+----------------------
         Total | 100.0 | 100.0 |   0.4 |   1.3 |   2.3 | 1346.0
       Dungeon | 100.0 | 100.0 |   0.4 |   1.3 |   2.3 | 1346.0
               +-------+-------+-------+-------+-------+----------------------

Table legend:
 A = Kills in this place as a percentage of kills in entire the game.
 B = Kills by you in this place as a percentage of kills by you in the entire game.
 C = Kills by friends in this place as a percentage of kills by friends in the entire game.
 D = Other kills in this place as a percentage of other kills in the entire game.
 E = Experience gained in this place as a percentage of experience gained in the entire game.
 F = Experience gained in this place divided by the number of levels of this place that you have seen.
                   A       B       C       D       E      F
               +-------+-------+-------+-------+-------+----------------------
         Total | 100.0 | 100.0 |  -nan |  -nan | 100.0 |  49.7
       Dungeon | 100.0 | 100.0 |  -nan |  -nan | 100.0 |  49.7
               +-------+-------+-------+-------+-------+----------------------

Vanquished Creatures
  Ijyb (D:3)
  Jessica (D:2)
  A gnoll (D:1)
  2 worms
  A giant gecko (D:2)
  7 bats
  6 giant cockroaches
  5 goblins
  7 hobgoblins
  5 kobolds
  2 ball pythons
  5 giant newts
  4 rats
47 creatures vanquished.

Notes
Turn   | Place    | Note
--------------------------------------------------------------
     0 | D:1      | gw, the Deep Elf Artificer, began the quest for the Orb.
     0 | D:1      | Reached XP level 1. HP: 11/11 MP: 2/2
    57 | D:1      | Reached skill level 1 in Fighting
   477 | D:1      | Reached skill level 1 in Armour
   477 | D:1      | Reached XP level 2. HP: 16/16 MP: 5/5
  1387 | D:1      | Gained mutation: Your magical capacity is low (-10% MP). [potion of mutation]
  1387 | D:1      | Gained mutation: You are agile. (Dex +2) [potion of mutation]
  1387 | D:1      | Gained mutation: Your spells are a little harder to cast, but a little more powerful. [potion of mutation]
  1448 | D:2      | Reached XP level 3. HP: 17/21 MP: 6/6
  2005 | D:2      | Noticed Jessica
  2009 | D:2      | Killed Jessica
  2583 | D:2      | Reached XP level 4. HP: 26/26 MP: 9/9
  2757 | D:3      | Found a stormy altar of Qazlal.
  2767 | D:3      | Became a worshipper of Qazlal Stormbringer
  2911 | D:3      | Noticed Ijyb
  2931 | D:3      | Killed Ijyb
  2941 | D:3      | Reached skill level 1 in Invocations
  2961 | D:3      | Noticed Grinder
  2974 | D:3      | Paralysed by something for 6 turns
  3149 | D:3      | Slain by a hobgoblin

Action                   |  1- 3 |  4- 6 || total
-------------------------+-------+-------++-------
Melee: Short sword       |   138 |    72 ||   210
Evoke: Wand              |     5 |     1 ||     6
  Use: Scroll            |     7 |     2 ||     9
       Potion            |     2 |     2 ||     4
  Eat: Chunk             |     5 |     2 ||     7

Vault maps used:
D:1:      minmay_arrival_nine_rooms
D:2:      serial_curves, eino_curves_03, eino_curves_03, st_stairs_13,
          uniq_jessica
D:3:      lemuel_coloured_pillars_altar, lemuel_crystal_altar, st_stairs_3,
          uniq_sigmund, uniq_iyjb, uniq_grinder, uniq_terence
